[ AOE2 MATCH · #484304355 ]
UnrankedBritons vs Khmer
[ REPLAY ANALYSIS · EXTRACTED FROM THE RECORDED GAME ]
Feudal
11:21
Castle
15:17
Imperial
29:26
| APM avg | 24.0 |
| APM peak | 56 |
| eAPM avg | 15.7 |
| Villagers / military | 133 / 81 |
Focus
⚔️ 30.5% · 🌾 69.5%
Longbowman ×36 · Archer ×32 · Monk ×5 · Trebuchet (Packed) ×4 · Spearman ×2 · Scout Cavalry ×2
Feudal
11:08
Castle
14:22
Imperial
27:51
| APM avg | 33.8 |
| APM peak | 66 |
| eAPM avg | 23.3 |
| Villagers / military | 125 / 168 |
Focus
⚔️ 37.1% · 🌾 62.9%
Ballista Elephant ×93 · Scout Cavalry ×66 · Trebuchet (Packed) ×6 · Monk ×2 · Knight ×1
Feudal
14:33
Castle
18:08
Imperial
31:37
| APM avg | 17.0 |
| APM peak | 41 |
| eAPM avg | 13.2 |
| Villagers / military | 112 / 166 |
Focus
⚔️ 30.0% · 🌾 70.0%
Spearman ×96 · Knight ×61 · Flemish Militia ×3 · Monk ×2 · Petard ×2 · Coustillier ×2
Feudal
11:39
Castle
15:34
Imperial
29:02
| APM avg | 35.3 |
| APM peak | 83 |
| eAPM avg | 18.0 |
| Villagers / military | 208 / 111 |
Focus
⚔️ 24.7% · 🌾 75.3%
Knight ×79 · Hand Cannoneer ×23 · Bombard Cannon ×5 · Monk ×4
Match map
Initial resources + every placement click. Lines = walls · curves = elevation contours. ◆ gold · ⬟ stone · ● berries · ✦ relic · ◌ wall gap
Your base· ✓ Closed at 15:17 · 0t walls · 3 gate(s)
berta's base· ✓ Closed at 14:22 · 0t walls · 3 gate(s)
AD-73's base· ✓ Closed at 18:08 · 0t walls · 2 gate(s)
arenaclown's base· ✓ Closed at 15:34 · 0t walls · 2 gate(s)
Smoothed initial terrain · ◌ = detected wall gap · hover for details
Inputs per minute
— MFO - - berta
Build order — MFO
First 150 of 342 actions detected
| 0:01 | Create | Villager (Male) |
| 0:01 | Create | Villager (Male) |
| 0:03 | Build | House |
| 0:05 | Build | House |
| 0:20 | Create | Villager (Male) |
| 0:20 | Create | Villager (Male) |
| 1:22 | Create | Villager (Male) |
| 1:22 | Create | Villager (Male) |
| 1:44 | Build | Lumber Camp |
| 1:55 | Create | Villager (Male) |
| 1:56 | Create | Villager (Male) |
| 2:03 | Create | Villager (Male) |
| 2:03 | Create | Villager (Male) |
| 2:31 | Create | Villager (Male) |
| 2:54 | Create | Villager (Male) |
| 2:54 | Create | Villager (Male) |
| 3:03 | Build | House |
| 3:04 | Build | House |
| 3:11 | Create | Villager (Male) |
| 3:11 | Create | Villager (Male) |
| 3:30 | Create | Villager (Male) |
| 3:31 | Create | Villager (Male) |
| 4:26 | Create | Villager (Male) |
| 4:26 | Create | Villager (Male) |
| 4:26 | Create | Villager (Male) |
| 5:21 | Create | Villager (Male) |
| 5:24 | Build | Mill |
| 5:45 | Create | Villager (Male) |
| 6:14 | Create | Villager (Male) |
| 6:15 | Create | Villager (Male) |
| 6:22 | Create | Villager (Male) |
| 6:22 | Create | Villager (Male) |
| 6:22 | Create | Villager (Male) |
| 6:22 | Create | Villager (Male) |
| 6:46 | Build | Mill |
| 7:09 | Create | Villager (Male) |
| 7:40 | Build | Mining Camp |
| 8:33 | Build | Farm |
| 8:59 | Research | Feudal Age |
| 9:14 | Build | Farm |
| 9:26 | Build | Farm |
| 10:17 | Build | House |
| 10:18 | Build | House |
| 10:19 | Build | House |
| 11:02 | Create | Villager (Male) |
| 11:02 | Create | Villager (Male) |
| 11:21 | Age | Feudal Age |
| 11:42 | Build | Blacksmith |
| 11:44 | Build | Market |
| 11:53 | Build | House |
| 12:16 | Build | Farm |
| 12:37 | Research | Castle Age |
| 12:37 | Research | Castle Age |
| 12:43 | Research | Double-Bit Axe |
| 12:54 | Build | House |
| 13:28 | Build | House |
| 13:43 | Build | Mining Camp |
| 13:49 | Research | Horse Collar |
| 13:58 | Build | House |
| 14:30 | Build | House |
| 15:04 | Build | House |
| 15:17 | Age | Castle Age |
| 15:23 | Build | Town Center |
| 15:27 | Create | Villager (Male) |
| 15:27 | Create | Villager (Male) |
| 15:39 | Build | House |
| 15:40 | Build | House |
| 15:51 | Build | Town Center |
| 15:54 | Create | Villager (Male) |
| 15:55 | Create | Villager (Male) |
| 15:56 | Research | Loom |
| 15:57 | Research | Wheelbarrow |
| 16:17 | Research | Bow Saw |
| 16:32 | Create | Villager (Male) |
| 16:32 | Create | Villager (Male) |
| 16:38 | Build | Farm |
| 16:46 | Build | Farm |
| 16:50 | Build | House |
| 17:02 | Create | Villager (Male) |
| 17:02 | Create | Villager (Male) |
| 17:12 | Build | Farm |
| 17:20 | Build | House |
| 17:22 | Build | House |
| 17:29 | Create | Villager (Male) |
| 17:34 | Build | Farm |
| 17:39 | Build | Farm |
| 17:59 | Build | House |
| 18:00 | Build | House |
| 18:02 | Create | Villager (Male) |
| 18:02 | Create | Villager (Male) |
| 18:08 | Build | Farm |
| 18:08 | Build | Farm |
| 18:08 | Build | Farm |
| 18:09 | Build | Farm |
| 18:09 | Build | Farm |
| 18:09 | Build | Farm |
| 18:10 | Build | Farm |
| 18:19 | Create | Villager (Male) |
| 18:19 | Create | Villager (Male) |
| 18:21 | Build | Farm |
| 18:24 | Build | Farm |
| 18:32 | Create | Villager (Male) |
| 18:47 | Build | Farm |
| 18:47 | Build | Farm |
| 18:47 | Build | Farm |
| 18:50 | Create | Villager (Male) |
| 18:58 | Build | Farm |
| 19:02 | Create | Villager (Male) |
| 19:11 | Build | Farm |
| 19:13 | Create | Villager (Male) |
| 19:13 | Create | Villager (Male) |
| 19:18 | Build | House |
| 19:19 | Build | House |
| 19:26 | Build | Farm |
| 19:27 | Create | Villager (Male) |
| 19:33 | Create | Villager (Male) |
| 19:34 | Create | Villager (Male) |
| 19:39 | Create | Villager (Male) |
| 19:48 | Build | Farm |
| 19:50 | Build | Farm |
| 19:55 | Build | Farm |
| 19:56 | Create | Villager (Male) |
| 19:57 | Create | Villager (Male) |
| 20:00 | Create | Villager (Male) |
| 20:01 | Create | Villager (Male) |
| 20:06 | Build | Farm |
| 20:07 | Create | Villager (Male) |
| 20:07 | Create | Villager (Male) |
| 20:17 | Build | House |
| 20:18 | Build | House |
| 20:19 | Create | Villager (Male) |
| 20:20 | Create | Villager (Male) |
| 20:20 | Create | Villager (Male) |
| 20:29 | Create | Villager (Male) |
| 20:31 | Build | Farm |
| 20:36 | Create | Villager (Male) |
| 20:36 | Create | Villager (Male) |
| 20:38 | Build | Farm |
| 20:40 | Create | Villager (Male) |
| 20:41 | Create | Villager (Male) |
| 20:46 | Create | Villager (Male) |
| 20:51 | Build | House |
| 20:52 | Build | House |
| 21:03 | Create | Villager (Male) |
| 21:03 | Create | Villager (Male) |
| 21:04 | Create | Villager (Male) |
| 21:12 | Research | Stone Mining |
| 21:12 | Research | Stone Mining |
| 21:18 | Create | Villager (Male) |
| 21:19 | Create | Villager (Male) |
Build order — berta
First 150 of 484 actions detected
| 0:01 | Create | Villager (Male) |
| 0:01 | Create | Villager (Male) |
| 0:01 | Create | Villager (Male) |
| 0:02 | Build | House |
| 0:03 | Build | House |
| 0:50 | Create | Villager (Male) |
| 0:50 | Create | Villager (Male) |
| 1:39 | Create | Villager (Male) |
| 1:40 | Create | Villager (Male) |
| 1:44 | Build | Lumber Camp |
| 1:59 | Create | Villager (Male) |
| 1:59 | Create | Villager (Male) |
| 2:25 | Create | Villager (Male) |
| 2:25 | Create | Villager (Male) |
| 2:38 | Build | House |
| 2:52 | Create | Villager (Male) |
| 2:53 | Create | Villager (Male) |
| 3:27 | Create | Villager (Male) |
| 3:27 | Create | Villager (Male) |
| 3:57 | Create | Villager (Male) |
| 3:58 | Create | Villager (Male) |
| 4:19 | Create | Villager (Male) |
| 4:41 | Create | Villager (Male) |
| 4:42 | Create | Villager (Male) |
| 4:52 | Create | Villager (Male) |
| 4:53 | Create | Villager (Male) |
| 4:53 | Create | Villager (Male) |
| 4:56 | Build | Mill |
| 5:27 | Create | Villager (Male) |
| 5:27 | Create | Villager (Male) |
| 5:45 | Build | House |
| 5:47 | Build | House |
| 6:24 | Build | Mill |
| 6:33 | Create | Villager (Male) |
| 6:33 | Create | Villager (Male) |
| 6:33 | Create | Villager (Male) |
| 6:33 | Create | Villager (Male) |
| 8:37 | Build | Mining Camp |
| 8:58 | Research | Feudal Age |
| 10:31 | Build | Farm |
| 10:31 | Build | Farm |
| 10:31 | Build | Farm |
| 10:31 | Build | Farm |
| 10:32 | Build | Farm |
| 10:32 | Build | Farm |
| 10:32 | Build | Farm |
| 10:56 | Build | Farm |
| 10:59 | Build | Farm |
| 11:03 | Build | Farm |
| 11:08 | Age | Feudal Age |
| 11:42 | Research | Castle Age |
| 11:43 | Research | Castle Age |
| 11:57 | Research | Double-Bit Axe |
| 11:57 | Research | Double-Bit Axe |
| 12:39 | Research | Horse Collar |
| 12:40 | Research | Gold Mining |
| 12:51 | Build | House |
| 12:52 | Build | House |
| 13:12 | Create | Villager (Male) |
| 13:41 | Build | House |
| 14:22 | Age | Castle Age |
| 14:25 | Build | Town Center |
| 14:28 | Research | Bow Saw |
| 14:28 | Create | Villager (Male) |
| 14:50 | Create | Villager (Male) |
| 15:11 | Build | Monastery |
| 15:17 | Create | Villager (Male) |
| 15:36 | Build | House |
| 15:42 | Build | House |
| 15:43 | Build | House |
| 15:52 | Create | Villager (Male) |
| 15:52 | Create | Villager (Male) |
| 15:52 | Create | Villager (Male) |
| 15:56 | Create | Villager (Male) |
| 15:56 | Create | Villager (Male) |
| 15:57 | Create | Villager (Male) |
| 15:59 | Build | Farm |
| 16:00 | Create | Monk |
| 16:06 | Create | Monk |
| 16:18 | Build | House |
| 16:27 | Create | Villager (Male) |
| 16:29 | Build | Farm |
| 16:34 | Build | Farm |
| 16:40 | Create | Villager (Male) |
| 16:40 | Create | Villager (Male) |
| 17:11 | Create | Villager (Male) |
| 17:22 | Build | Farm |
| 17:25 | Build | Farm |
| 17:27 | Build | Farm |
| 17:29 | Create | Villager (Male) |
| 17:33 | Research | Heavy Plow |
| 17:33 | Research | Heavy Plow |
| 17:33 | Research | Heavy Plow |
| 18:01 | Create | Villager (Male) |
| 18:03 | Build | Farm |
| 18:37 | Build | Farm |
| 18:50 | Create | Villager (Male) |
| 18:50 | Create | Villager (Male) |
| 18:50 | Create | Villager (Male) |
| 18:54 | Build | Town Center |
| 19:02 | Build | Farm |
| 19:07 | Create | Villager (Male) |
| 19:07 | Create | Villager (Male) |
| 19:09 | Build | Farm |
| 19:29 | Create | Villager (Male) |
| 19:30 | Create | Villager (Male) |
| 19:34 | Build | Farm |
| 19:37 | Build | Farm |
| 19:41 | Build | Farm |
| 19:48 | Build | Farm |
| 19:50 | Create | Villager (Male) |
| 19:50 | Create | Villager (Male) |
| 19:50 | Create | Villager (Male) |
| 19:57 | Create | Villager (Male) |
| 19:57 | Create | Villager (Male) |
| 20:00 | Build | Farm |
| 20:09 | Build | House |
| 20:10 | Build | House |
| 20:11 | Build | House |
| 20:13 | Build | House |
| 20:38 | Create | Villager (Male) |
| 20:38 | Create | Villager (Male) |
| 20:39 | Create | Villager (Male) |
| 20:39 | Create | Villager (Male) |
| 20:47 | Research | Wheelbarrow |
| 20:47 | Research | Loom |
| 20:48 | Research | Town Watch |
| 20:50 | Create | Villager (Male) |
| 20:50 | Create | Villager (Male) |
| 20:56 | Build | Farm |
| 21:00 | Build | Farm |
| 21:05 | Build | House |
| 21:06 | Build | House |
| 21:07 | Build | House |
| 21:17 | Build | Farm |
| 21:17 | Build | Farm |
| 21:39 | Create | Villager (Male) |
| 21:39 | Create | Villager (Male) |
| 21:40 | Build | Farm |
| 21:42 | Build | Farm |
| 21:53 | Create | Villager (Male) |
| 21:53 | Create | Villager (Male) |
| 21:57 | Build | Farm |
| 21:57 | Build | Farm |
| 21:58 | Build | Farm |
| 22:11 | Create | Villager (Male) |
| 22:12 | Create | Villager (Male) |
| 22:16 | Build | House |
| 22:23 | Create | Villager (Male) |
| 22:24 | Create | Villager (Male) |
Build order — AD-73
First 150 of 356 actions detected
| 0:01 | Create | Villager (Male) |
| 0:01 | Create | Villager (Male) |
| 0:01 | Create | Villager (Male) |
| 0:03 | Build | House |
| 0:04 | Build | House |
| 1:07 | Create | Villager (Male) |
| 1:30 | Create | Villager (Male) |
| 1:50 | Build | Lumber Camp |
| 2:04 | Create | Villager (Male) |
| 2:23 | Create | Villager (Male) |
| 2:45 | Create | Villager (Male) |
| 3:02 | Build | House |
| 3:09 | Research | Loom |
| 3:17 | Research | Double-Bit Axe |
| 3:28 | Create | Villager (Male) |
| 4:09 | Create | Villager (Male) |
| 4:33 | Create | Villager (Male) ×2 |
| 5:27 | Create | Villager (Male) |
| 5:27 | Create | Villager (Male) |
| 5:28 | Create | Villager (Male) |
| 5:45 | Build | Mill |
| 6:19 | Build | House |
| 6:22 | Build | House |
| 6:40 | Build | Mining Camp |
| 6:44 | Create | Villager (Male) |
| 7:11 | Create | Villager (Male) |
| 7:12 | Create | Villager (Male) |
| 7:18 | Build | House |
| 7:53 | Create | Villager (Male) |
| 8:21 | Build | Mill |
| 8:25 | Create | Villager (Male) |
| 8:25 | Create | Villager (Male) |
| 9:05 | Create | Villager (Male) |
| 9:10 | Research | Wheelbarrow |
| 10:14 | Create | Villager (Male) |
| 10:19 | Research | Horse Collar |
| 10:34 | Build | Farm |
| 10:34 | Build | Farm |
| 10:35 | Build | Farm |
| 10:35 | Build | Farm |
| 10:35 | Build | Farm |
| 10:36 | Build | Farm |
| 10:36 | Build | Farm |
| 10:36 | Build | Farm |
| 10:36 | Build | Farm |
| 10:37 | Build | Farm |
| 10:51 | Build | Farm |
| 11:33 | Create | Villager (Male) |
| 11:37 | Create | Villager (Male) |
| 11:42 | Build | Farm |
| 11:42 | Build | Farm |
| 11:46 | Research | Feudal Age |
| 12:18 | Build | Farm |
| 12:22 | Create | Villager (Male) |
| 12:23 | Create | Villager (Male) |
| 12:51 | Build | Mining Camp |
| 13:38 | Research | Stone Mining |
| 14:16 | Research | Gold Mining |
| 14:33 | Age | Feudal Age |
| 14:37 | Build | Market |
| 14:50 | Build | Blacksmith |
| 15:20 | Research | Bow Saw |
| 15:28 | Research | Castle Age |
| 16:11 | Build | Barracks |
| 16:27 | Research | Heavy Plow |
| 16:36 | Research | Stone Shaft Mining |
| 16:36 | Research | Stone Shaft Mining |
| 16:48 | Create | Villager (Male) |
| 17:21 | Build | House |
| 17:32 | Create | Flemish Militia |
| 17:32 | Create | Flemish Militia |
| 17:51 | Build | House |
| 17:56 | Build | Outpost |
| 18:08 | Age | Castle Age |
| 18:11 | Create | Villager (Male) |
| 18:11 | Create | Villager (Male) |
| 18:18 | Build | Town Center |
| 18:29 | Create | Villager (Male) |
| 18:33 | Research | Town Watch |
| 18:37 | Research | Two-Man Saw |
| 19:02 | Build | Monastery |
| 19:27 | Build | Castle |
| 19:36 | Create | Villager (Male) |
| 19:38 | Create | Villager (Male) ×5 |
| 19:51 | Create | Monk |
| 20:13 | Create | Villager (Male) |
| 20:13 | Create | Villager (Male) |
| 20:13 | Create | Villager (Male) |
| 20:18 | Build | Farm |
| 20:19 | Build | Farm |
| 20:19 | Build | Farm |
| 20:19 | Build | Farm |
| 20:20 | Build | Farm |
| 20:27 | Create | Villager (Male) |
| 20:27 | Create | Villager (Male) |
| 20:37 | Create | Villager (Male) |
| 20:38 | Create | Villager (Male) |
| 21:10 | Create | Villager (Male) |
| 21:10 | Create | Villager (Male) |
| 21:10 | Create | Villager (Male) |
| 21:19 | Create | Villager (Male) |
| 21:19 | Create | Villager (Male) |
| 21:25 | Build | Stable |
| 21:32 | Build | Lumber Camp |
| 21:43 | Create | Villager (Male) |
| 21:43 | Create | Villager (Male) |
| 22:16 | Build | Town Center |
| 22:19 | Research | Crop Rotation |
| 22:27 | Build | Farm |
| 22:28 | Build | Farm |
| 22:28 | Build | Farm |
| 22:28 | Build | Farm |
| 22:29 | Build | Farm |
| 22:29 | Build | Farm |
| 22:29 | Build | Farm |
| 22:29 | Build | Farm |
| 22:52 | Research | Hand Cart |
| 23:00 | Research | Hand Cart |
| 23:02 | Create | Villager (Male) |
| 23:02 | Create | Villager (Male) |
| 23:06 | Build | Farm |
| 23:06 | Build | Farm |
| 23:06 | Build | Farm |
| 23:10 | Build | Farm |
| 23:15 | Build | Farm |
| 23:18 | Create | Villager (Male) |
| 23:19 | Create | Villager (Male) |
| 23:35 | Create | Coustillier |
| 23:39 | Create | Coustillier |
| 23:47 | Create | Villager (Male) |
| 23:47 | Create | Villager (Male) |
| 24:06 | Research | Gold Shaft Mining |
| 24:08 | Create | Villager (Male) |
| 24:09 | Create | Villager (Male) |
| 24:39 | Create | Villager (Male) ×2 |
| 24:55 | Build | Stable |
| 25:00 | Build | Archery Range |
| 25:03 | Build | Archery Range |
| 25:06 | Build | Stable |
| 25:07 | Build | Stable |
| 25:10 | Create | Villager (Male) ×5 |
| 25:20 | Create | Villager (Male) ×2 |
| 25:20 | Create | Villager (Male) ×2 |
| 25:24 | Build | Farm |
| 25:24 | Build | Farm |
| 25:25 | Build | Farm |
| 25:25 | Build | Farm |
| 25:26 | Build | Farm |
| 25:26 | Build | Farm |
| 25:26 | Build | Farm |
Build order — arenaclown
First 150 of 532 actions detected
| 0:01 | Create | Villager (Male) |
| 0:01 | Create | Villager (Male) |
| 0:03 | Build | House |
| 0:04 | Build | House |
| 0:26 | Create | Villager (Male) |
| 0:26 | Create | Villager (Male) |
| 0:27 | Create | Villager (Male) |
| 1:26 | Create | Villager (Male) |
| 1:26 | Create | Villager (Male) |
| 1:49 | Build | Lumber Camp |
| 1:59 | Create | Villager (Male) |
| 1:59 | Create | Villager (Male) |
| 2:15 | Create | Villager (Male) |
| 2:15 | Create | Villager (Male) |
| 2:48 | Create | Villager (Male) |
| 3:00 | Create | Villager (Male) |
| 3:28 | Build | House |
| 3:32 | Create | Villager (Male) |
| 3:48 | Create | Villager (Male) |
| 3:54 | Build | Mill |
| 4:08 | Build | House |
| 4:18 | Create | Villager (Male) |
| 4:31 | Build | House |
| 5:04 | Create | Villager (Male) |
| 5:09 | Create | Villager (Male) |
| 5:09 | Create | Villager (Male) |
| 5:32 | Create | Villager (Male) |
| 5:32 | Create | Villager (Male) |
| 5:58 | Build | Mill |
| 6:10 | Create | Villager (Male) |
| 6:10 | Create | Villager (Male) |
| 6:19 | Create | Villager (Male) |
| 6:20 | Create | Villager (Male) |
| 7:07 | Create | Villager (Male) |
| 7:08 | Create | Villager (Male) |
| 7:08 | Create | Villager (Male) |
| 7:08 | Create | Villager (Male) |
| 7:32 | Create | Villager (Male) |
| 7:32 | Create | Villager (Male) |
| 7:33 | Create | Villager (Male) |
| 8:21 | Create | Villager (Male) |
| 8:28 | Create | Villager (Male) |
| 8:30 | Build | Mining Camp |
| 8:33 | Research | Double-Bit Axe |
| 8:52 | Research | Horse Collar |
| 9:06 | Build | Farm |
| 9:26 | Create | Villager (Male) |
| 9:29 | Research | Feudal Age |
| 9:29 | Research | Feudal Age |
| 10:33 | Build | Farm |
| 10:35 | Build | Farm |
| 10:39 | Build | Farm |
| 10:42 | Build | Farm |
| 10:55 | Build | Lumber Camp |
| 11:05 | Create | Villager (Male) |
| 11:05 | Create | Villager (Male) |
| 11:39 | Age | Feudal Age |
| 11:41 | Build | Blacksmith |
| 11:46 | Build | Market |
| 11:53 | Build | Market |
| 12:27 | Research | Loom |
| 12:31 | Build | Farm |
| 12:54 | Research | Castle Age |
| 12:54 | Research | Castle Age |
| 13:25 | Research | Bow Saw |
| 13:26 | Research | Bow Saw |
| 13:46 | Research | Heavy Plow |
| 13:46 | Research | Heavy Plow |
| 15:02 | Research | Wheelbarrow |
| 15:20 | Build | Farm |
| 15:34 | Age | Castle Age |
| 15:39 | Build | Town Center |
| 15:44 | Build | Town Center |
| 16:01 | Build | Monastery |
| 16:21 | Create | Villager (Male) |
| 16:25 | Build | House |
| 16:46 | Create | Villager (Male) |
| 16:47 | Create | Villager (Male) |
| 16:53 | Create | Villager (Male) |
| 16:53 | Create | Monk |
| 16:57 | Build | House |
| 16:57 | Build | House |
| 16:59 | Create | Villager (Male) |
| 17:05 | Create | Villager (Male) |
| 17:07 | Create | Villager (Male) |
| 17:13 | Build | Farm |
| 17:16 | Build | Farm |
| 17:21 | Build | Farm |
| 17:23 | Build | Farm |
| 17:25 | Create | Villager (Male) |
| 17:27 | Create | Villager (Male) |
| 17:37 | Build | Farm |
| 17:47 | Build | Farm |
| 17:50 | Build | Farm |
| 17:52 | Create | Villager (Male) |
| 17:58 | Create | Monk |
| 18:03 | Build | Farm |
| 18:09 | Build | House |
| 18:10 | Create | Villager (Male) |
| 18:13 | Build | Farm |
| 18:15 | Create | Villager (Male) |
| 18:26 | Create | Monk |
| 18:31 | Build | Farm |
| 18:32 | Create | Villager (Male) |
| 18:39 | Create | Villager (Male) |
| 18:44 | Build | Farm |
| 18:47 | Create | Villager (Male) |
| 18:49 | Create | Villager (Male) |
| 18:49 | Create | Villager (Male) |
| 18:49 | Create | Villager (Male) |
| 18:55 | Build | House |
| 19:02 | Create | Villager (Male) |
| 19:06 | Create | Villager (Male) |
| 19:09 | Create | Villager (Male) |
| 19:20 | Build | Town Center |
| 19:26 | Create | Villager (Male) |
| 19:26 | Create | Villager (Male) |
| 19:26 | Create | Villager (Male) |
| 19:28 | Build | House |
| 19:32 | Create | Villager (Male) |
| 19:39 | Build | Farm |
| 19:42 | Build | Farm |
| 19:43 | Create | Villager (Male) |
| 19:44 | Create | Villager (Male) |
| 19:49 | Build | Farm |
| 19:56 | Create | Villager (Male) |
| 19:57 | Create | Villager (Male) |
| 20:06 | Build | Farm |
| 20:12 | Create | Villager (Male) |
| 20:13 | Build | House |
| 20:15 | Create | Villager (Male) |
| 20:17 | Create | Villager (Male) |
| 20:56 | Create | Villager (Male) |
| 20:57 | Create | Villager (Male) |
| 20:57 | Create | Villager (Male) |
| 20:58 | Create | Villager (Male) |
| 20:58 | Create | Villager (Male) |
| 21:07 | Create | Villager (Male) |
| 21:07 | Create | Villager (Male) |
| 21:07 | Create | Villager (Male) |
| 21:07 | Create | Villager (Male) |
| 21:11 | Build | Farm |
| 21:12 | Build | Farm |
| 21:12 | Build | Farm |
| 21:12 | Build | Farm |
| 21:12 | Build | Farm |
| 21:15 | Create | Villager (Male) |
| 21:17 | Research | Gold Mining |
| 21:19 | Build | House |
| 21:27 | Build | Farm |
Match timeline
| 11:08 | berta · age_up feudal |
| 11:21 | MFO · age_up feudal |
| 11:39 | arenaclown · age_up feudal |
| 14:22 | berta · age_up castle |
| 14:33 | AD-73 · age_up feudal |
| 15:11 | berta · first_building Monastery |
| 15:17 | MFO · age_up castle |
| 15:34 | arenaclown · age_up castle |
| 16:01 | arenaclown · first_building Monastery |
| 16:11 | AD-73 · first_building Barracks |
| 18:08 | AD-73 · age_up castle |
| 19:02 | AD-73 · first_building Monastery |
| 19:27 | AD-73 · first_building Castle |
| 19:45 | AD-73 · first_market_sell 100 food |
| 21:25 | AD-73 · first_building Stable |
| 22:09 | MFO · first_building Barracks |
| 23:23 | MFO · first_building Castle |
| 23:34 | MFO · first_building Archery Range |
| 24:08 | arenaclown · first_building Castle |
| 24:10 | MFO · first_building Monastery |
| 24:48 | berta · first_building Castle |
| 24:56 | berta · first_building Stable |
| 25:00 | AD-73 · first_building Archery Range |
| 25:38 | berta · wall_segment Palisade Wall x1 |
| 27:03 | MFO · first_building Stable |
| 27:51 | berta · age_up imperial |
| 28:27 | arenaclown · first_building Barracks |
| 28:57 | arenaclown · first_building Stable |
| 29:01 | arenaclown · first_building Archery Range |
| 29:02 | arenaclown · age_up imperial |
| 29:05 | berta · wall_segment Stone Wall x1 |
| 29:05 | berta · wall_segment Stone Wall x1 |
| 29:26 | MFO · age_up imperial |
| 29:51 | MFO · first_market_sell 100 food |
| 30:10 | arenaclown · first_market_sell 500 food |
| 30:26 | arenaclown · first_building Siege Workshop |
| 31:37 | AD-73 · age_up imperial |
| 34:44 | MFO · wall_segment Palisade Wall x1 |
| 35:12 | berta · wall_segment Stone Wall x1 |
| 35:14 | berta · wall_segment Stone Wall x1 |
| 37:04 | arenaclown · first_market_buy 100 stone |
| 38:33 | arenaclown · wall_segment Stone Wall x2 |
| 38:36 | MFO · resign |
[ AI ANALYSIS · 1 CREDIT ]
What really happened in this match?
Wolo.gg analyzes every decision: build order, eco, micro, common mistakes by bracket. Personalized analysis on WhatsApp or Discord in 30 seconds.
Civ guide
Britons
Perfil
Jugador #4375176